 Dungeon Crawl Stone Soup version 0.25.1-2-g60ff931df9 (webtiles) character file.

Game seed: 4089068821160460585

10284 Chai the Destroyer (level 11, -1/94 HPs)
             Began as a Grey Draconian Conjurer on Sept 28, 2020.
             Was a Believer of Vehumet.
             Slain by a spiny frog (14 damage)
             ... on level 2 of the Lair of Beasts on Sept 30, 2020.
             The game lasted 00:46:40 (15453 turns).

Chai the Destroyer (Grey Draconian Conjurer)       Turns: 15453, Time: 00:46:41

Health: -1/94      AC: 26    Str: 12    XL:     11   Next: 34%
Magic:  0/24       EV: 15    Int: 18    God:    Vehumet [**....]
Gold:   520        SH:  0    Dex: 11    Spells: 23/29 levels left

rFire    + . .     SeeInvis .   t - +2 mace (protect)
rCold    x . .     Gourm    .   (no shield)
rNeg     . . .     Faith    .   (armour unavailable)
rPois    .         Spirit   .   (helmet restricted)
rElec    .         Reflect  .   n - +0 cloak
rCorr    .         Harm     .   s - +1 pair of gloves
MR       .....                  (no boots)
Stlth    ++........             F - amulet of the acrobat
HPRegen  0.25/turn              x - ring of fire
MPRegen  0.19/turn              C - +4 ring of protection

@: protection aura
A: walk through water, unfitting armour, unbreathing, cold-blooded, AC +12
a: Renounce Religion


You were on level 2 of the Lair of Beasts.
You worshipped Vehumet.
Vehumet was pleased with you.
You were not hungry.

You visited 3 branches of the dungeon, and saw 12 of its levels.

You collected 520 gold pieces.

Inventory:

Hand Weapons
 i - a +2 dagger of flaming
 t - a +2 mace of protection (weapon)
Armour
 n - a +0 cloak (worn)
 s - a +1 pair of gloves (worn)
Magical Staves
 u - an uncursed staff of summoning
 B - an uncursed staff of earth
 I - an uncursed staff of fire
Jewellery
 x - a ring of fire (left hand)
 A - an uncursed amulet of reflection
 C - a +4 ring of protection (right hand)
 F - an amulet of the acrobat (around neck)
Wands
 a - a wand of flame (32)
 v - a wand of digging (6)
 y - a wand of disintegration (10)
 E - a wand of paralysis (16)
Scrolls
 c - 4 scrolls of amnesia
 e - 4 scrolls of magic mapping
 f - 3 scrolls of fog
 j - 6 scrolls of remove curse
 k - a scroll of identify
Potions
 g - a potion of ambrosia
 l - 2 potions of cancellation
 m - 4 potions of stabbing
 o - 2 potions of magic {unknown}
 p - 2 potions of flight
 q - 2 potions of lignification {unknown}
 w - a potion of berserk rage {unknown}
 z - 2 potions of mutation {unknown}
Miscellaneous
 H - a phantom mirror
Comestibles
 b - 13 rations


   Skills:
 - Level 8.0 Fighting
 - Level 7.0 Dodging
 - Level 1.7 Stealth
 - Level 9.7 Spellcasting
 - Level 11.0 Conjurations
 + Level 2.2 Earth Magic


You had 23 spell levels left.
You knew the following spells:

 Your Spells              Type           Power        Failure   Level  Hunger
a - Magic Dart            Conj           ####         1%          1    None
b - Searing Ray           Conj           #####.       1%          2    None
c - Stone Arrow           Conj/Erth      ####..       1%          3    None

Your spell library contained the following spells:

 Spells                   Type           Power        Failure   Level  Hunger
 Dazzling Flash           Conj/Hex       ####..       2%          3    None
 Summon Small Mammal      Summ           #...         9%          1    None
 Fulminant Prism          Conj/Hex       ####......   9%          4    ###....
 Iskenderun's Mystic Bla  Conj/Tloc      ####....     9%          4    ###....
 Call Imp                 Summ           #.......     12%         2    None
 Call Canine Familiar     Summ           #.......     24%         3    None
 Summon Guardian Golem    Hex/Summ       #.......     24%         3    None
 Summon Ice Beast         Ice/Summ       #.......     63%         4    ###....
 Summon Lightning Spire   Summ/Air       #.......     63%         4    ###....


Dungeon Overview and Level Annotations

Branches:
Dungeon (9/15)             Temple (1/1) D:5            Lair (2/6) D:9
  Swamp: Lair:2-4    Shoals: Lair:2-4     Snake: Lair:2-4    Spider: Lair:2-4
    Orc: D:9-12

Altars:
Cheibriados
Elyvilon
Hepliaklqana
Kikubaaqudgha
Makhleb
Nemelex Xobeh
Okawaru
Qazlal
Ru
Vehumet
Wu Jian
Yredelemnul
Zin

Shops:
D:5 }

Annotations:
Lair:2 exclusion: oklob plant


Innate Abilities, Weirdness & Mutations

You can walk through water.
Your dull iron-grey scales are very hard. (AC +12)
You cannot fit into any form of body armour.
You can survive without breathing.
You are cold-blooded and may be slowed by cold attacks.


Message History

Unknown command.
Unknown command.
Okay, then.
Okay, then.
Casting: Stone Arrow (safe; 1% risk of failure)
Confirm with . or Enter, or press ? or * to list all spells.
Okay, then.
Casting: Stone Arrow (safe; 1% risk of failure)
Confirm with . or Enter, or press ? or * to list all spells.
Aiming: Stone Arrow (safe; 1% risk of failure)
Press: ? - help, Shift-Dir - straight line, f/p - spiny frog
Aim: a spiny frog (severely wounded)
The stone arrow hits the spiny frog!
The spiny frog is almost dead.
The spiny frog barely misses you. The spiny frog misses you.
You hit the spiny frog.
Your weapon exudes an aura of protection.
The spiny frog is almost dead.
The spiny frog stings you!
You die...

##(..........#.#P#
.......P.......^.#
....##.#.....#...#
.#...........†...###
#.#..###...........# #
..P..##............#.#
....###........l....)#
...## #........F#.#.##
..## #...P.....@....#
.. #...#.#.....##.#
#######..P....##
##........#
#.P.....#..#
##.....###### #P....##
##....# ##...#


You could see a spiny frog and a basilisk.

Vanquished Creatures
  Pikel (D:4)
  4 spiny frogs
  Grinder (D:5)
  4 blink frogs (Lair:2)
  A hippogriff (Lair:1)
  A spriggan (D:8)
  A wyvern (Lair:2)
  Sigmund (D:6)
  9 yaks
  2 basilisks (Lair:1)
  Menkaure (D:5)
  A steam dragon (D:8)
  Duvessa (D:4)
  4 water moccasins
  3 porcupines (Lair:2)
  4 orc warriors
  2 phantoms
  A slave (D:4)
  2 ice beasts
  A sky beast (D:8)
  A hornet zombie (D:9)
  5 centaurs
  5 ogres
  8 wolves (Lair:2)
  2 crocodiles (D:9)
  2 bullfrogs
  A big kobold (D:8)
  2 scorpions
  10 wights
  An electric eel (Lair:1)
  4 crimson imps
  A quasit (D:8)
  3 hounds
  3 jellies
  3 orc priests
  2 centaur skeletons (D:8)
  A bullfrog skeleton (D:7)
  3 orc wizards
  6 iguanas
  Terence (D:3)
  8 worker ants
  Robin (D:3)
  A howler monkey skeleton (D:5)
  8 adders
  A shadow imp (D:5)
  An ooze (D:3)
  An adder skeleton (D:5)
  An adder zombie (D:7)
  4 worms
  3 dart slugs
  4 leopard geckos
  29 orcs
  4 ball pythons
  7 giant cockroaches
  19 goblins
  10 hobgoblins
  6 jackals
  A quokka (D:2)
  7 bats
  6 frilled lizards
  A jackal skeleton (D:5)
  16 kobolds
  7 rats
255 creatures vanquished.

Vanquished Creatures (others)
  2 slaves (D:4)
  Dowan (D:4)
  An adder zombie (D:5)
  A worm (D:5)
  An orc (D:5)
  A jackal (D:4)
  A quokka zombie (D:5)
  2 plants (Lair:2)
10 creatures vanquished.

Grand Total: 265 creatures vanquished

Notes
Turn   | Place    | Note
-------+----------+-------------------------------------------
     0 | D:1      | Chai the Draconian Conjurer began the quest for the Orb.
     0 | D:1      | Reached XP level 1. HP: 14/14 MP: 3/3
   216 | D:1      | Reached XP level 2. HP: 20/20 MP: 5/5
   953 | D:1      | Learned a level 2 spell: Searing Ray
  1074 | D:1      | Reached XP level 3. HP: 26/26 MP: 7/7
  1481 | D:2      | Found a snail-covered altar of Cheibriados.
  1482 | D:2      | Found a glowing silver altar of Zin.
  1482 | D:2      | Found a basalt altar of Yredelemnul.
  1483 | D:2      | Found a sacrificial altar of Ru.
  1707 | D:2      | Found an iron altar of Okawaru.
  1934 | D:2      | Reached XP level 4. HP: 22/33 MP: 8/8
  2103 | D:2      | Reached skill level 5 in Conjurations
  2133 | D:2      | HP: 1/33 [crimson imp (4)]
  2514 | D:2      | Reached XP level 5. HP: 38/38 MP: 10/10
  2880 | D:3      | Noticed Robin
  2986 | D:3      | Killed Robin
  3438 | D:3      | Noticed Terence
  3449 | D:3      | Killed Terence
  3604 | D:3      | Found a faded altar of an unknown god.
  3952 | D:4      | Reached XP level 6. HP: 42/45 MP: 12/12
  4072 | D:4      | Reached skill level 6 in Conjurations
  4159 | D:4      | Noticed a slave
  4555 | D:4      | Reached skill level 5 in Spellcasting
  4560 | D:4      | Noticed Pikel
  4564 | D:4      | Noticed a slave
  4706 | D:4      | Killed a slave
  4719 | D:4      | Noticed a slave
  4720 | D:4      | Killed Pikel
  4720 | D:4      | Reached skill level 7 in Conjurations
  4720 | D:4      | Your scales start taking on a dull iron-grey colour.
  4720 | D:4      | Reached XP level 7. HP: 19/50 MP: 4/16
  4720 | D:4      | Gained mutation: You can survive without breathing. [Grey
                  | Draconian growth]
  5314 | D:4      | Killed Dowan
  5381 | D:4      | Noticed Duvessa
  5709 | D:5      | Entered Level 5 of the Dungeon
  5729 | D:5      | Reached XP level 8. HP: 58/58 MP: 10/17
  5732 | D:5      | Noticed Grinder
  5738 | D:5      | Paralysed by Grinder for 5 turns
  5743 | D:5      | Killed Grinder
  6240 | D:5      | Found a staircase to the Ecumenical Temple.
  6250 | Temple   | Entered the Ecumenical Temple
  6324 | Temple   | Became a worshipper of Vehumet
  6349 | D:5      | Noticed Menkaure
  6405 | D:4      | Killed Duvessa
  6569 | D:4      | Found a hazy altar of Hepliaklqana.
  7148 | D:5      | Killed Menkaure
  7248 | D:5      | Found Paurink's Gadget Emporium.
  7682 | D:6      | Reached skill level 5 in Fighting
  7954 | D:6      | Noticed Sigmund
  7966 | D:6      | Killed Sigmund
  7966 | D:6      | Reached skill level 5 in Dodging
  7966 | D:6      | Reached XP level 9. HP: 66/74 MP: 6/18
  8723 | D:7      | Found an ornate altar of the Wu Jian Council.
  9543 | D:7      | Found a sparkling altar of Nemelex Xobeh.
  9604 | D:7      | Reached * piety under Vehumet
  9604 | D:7      | Offered knowledge of Sandblast by Vehumet.
 10816 | D:8      | Reached skill level 8 in Conjurations
 11213 | D:8      | Reached XP level 10. HP: 77/88 MP: 12/20
 12069 | D:9      | Found a staircase to the Lair.
 12277 | D:9      | Found a burning altar of Makhleb.
 12378 | D:9      | Reached ** piety under Vehumet
 12378 | D:9      | Offered knowledge of Freeze by Vehumet.
 12668 | D:9      | Reached skill level 9 in Conjurations
 13328 | Lair:1   | Entered Level 1 of the Lair of Beasts
 13328 | Lair:1   | Noticed a spiny frog
 13337 | D:9      | Killed a spiny frog
 14254 | Lair:1   | Reached skill level 10 in Conjurations
 14304 | Lair:1   | Noticed a spiny frog
 14309 | Lair:1   | Noticed a spiny frog
 14311 | Lair:1   | Killed a spiny frog
 14323 | Lair:1   | Killed a spiny frog
 14732 | Lair:1   | Noticed a seven-headed hydra
 14761 | Lair:2   | Noticed an oklob plant
 14802 | Lair:2   | Reached XP level 11. HP: 54/94 MP: 12/24
 15237 | Lair:2   | Offered knowledge of Stone Arrow by Vehumet.
 15245 | Lair:2   | Reached skill level 11 in Conjurations
 15250 | Lair:2   | Learned a level 3 spell: Stone Arrow
 15453 | Lair:2   | Slain by a spiny frog

Illustrated notes

Levels and vault maps discovered:
D:1:      minmay_arrival_glassed_features, layout_loops_corners
D:2:      minmay_spotlight, layout_loops_ring, okawaru_ov_weapons_minmay,
          chequers_temple_overflow_statue_of_worship, serial_glass,
          glass_columns_b, glass_columns_a, glass_columns_a, feat_on_display,
          item_on_display_a, item_on_display_a
D:3:      layout_loops_ring, chequers_ecumenical_altar_grove, first_ration,
          uniq_terence, uniq_robin
D:4:      layout_layer_cave, nicolae_overflow_crystal_walls, uniq_duvessa,
          uniq_pikel
D:5:      layout_rooms, minmay_temple_entry_arrows, serial_shops, shop,
          lemuel_flamethrower_2, uniq_grinder, uniq_menkaure
D:6:      layout_loops_ring, uniq_sigmund
D:7:      layout_cave_pools, nemelex_xobeh_ov_fountains_minmay,
          lemuel_crystal_altar
D:8:      layout_basic, grunt_pizzeria
D:9:      layout_basic, lemuel_crystal_altar, lair_entry_dummy,
          minmay_mirror_moons_of_madness
Temple:   nicolae_temple_figure_eight
Lair:1:   layout_layer_cave, serial_bayou_shore_a, infiniplex_staircase_pool,
          grunt_megastairs_4, lemuel_fruit_fields, lemuel_fruit_tree
Lair:2:   layout_misc_corridors, minmay_lair_oklob_bushes, st_stairs_6,
          grunt_megastairs_2

Skill      XL: |  1  2  3  4  5  6  7  8  9 10 11 |
---------------+----------------------------------+-----
Spellcasting   | 3 4 6 9 |  9.7
Conjurations   | 5 7 8 10 11 | 11.0
Dodging        | 2 5 7 |  7.0
Fighting       | 5 8 |  8.0
Earth Magic    | 2 |  2.2
Stealth        | |  1.7

Action                   |  1- 3 |  4- 6 |  7- 9 | 10-12 || total
-------------------------+-------+-------+-------+-------++-------
Melee: Dagger            |   119 |   100 |       |       ||   219
       Club              |     6 |       |       |       ||     6
       Tailslap          |    10 |     6 |    16 |     9 ||    41
       Mace              |       |    18 |   114 |   104 ||   236
 Cast: Magic Dart        |    11 |     6 |    66 |    20 ||   103
       Searing Ray       |     1 |    28 |    69 |    72 ||   170
       Stone Arrow       |       |       |       |    14 ||    14
  Use: Scroll            |       |     5 |    13 |    11 ||    29
       Potion            |       |     2 |     1 |    10 ||    13
 Stab: Sleeping          |     5 |     1 |     2 |       ||     8
  Eat: Chunk             |     3 |     8 |     5 |     6 ||    22
       Ration            |       |     1 |     4 |     2 ||     7
Armor: Skin              |    31 |    70 |   113 |   155 ||   369
Dodge: Dodged            |    78 |   144 |   185 |   335 ||   742
